Map: Acid Plant LE

Players

Solar - Winner!

  • Race: Zerg Zerg
  • Spawn Location: 11:00

Guru

  • Race: Zerg Zerg
  • Spawn Location: 5:00

Event: IEM Season 12 - Katowice

VOD

Have the link to the VOD?

Description

Time

  • Played on: Feb. 26, 2018, 9:48 a.m.
  • Length: 9:40

All games in this series

Show
View Real Time Build Order
Export as new Build Order

Solar Zerg - Winner!

Build Orders: Hatch First 

Get SALT Encoding   

  12  0:02  Drone  
  13  0:13  Overlord  
  13  0:17  Drone  
  14  0:31  Drone x2  
  16  0:36  Drone  
  17  0:52  Hatchery  
  17  0:54  Drone  
  17  0:57  Drone  
  17  1:04  Extractor  
  17  1:13  Spawning Pool  
  17  1:17  Drone  
  17  1:20  Drone  
  18  1:29  Drone  
  19  1:39  Drone  
  20  1:49  Overlord  
  20  2:00  Queen  
  22  2:05  Queen  
  22  2:06  Zergling x4, Metabolic Boost  
  26  2:16  Drone x2  
  28  2:30  Hatchery  
  28  2:33  Drone  
  28  2:35  Drone  
  29  2:43  Queen  
  31  2:46  Drone  
  31  2:49  Drone  
  33  2:53  Overlord  
  33  2:57  Drone  
  33  2:58  Drone  
  35  3:05  Drone  
  36  3:11  Zergling x6  
  36  3:12  Zergling x2  
  40  3:13  Zergling x2  
  40  3:19  Zergling x2  
  42  3:22  Zergling x2  
  43  3:31  Roach Warren, Overlord  
  43  3:32  Drone  
  43  3:40  Drone  
  44  3:44  Overlord  
  44  3:45  Overlord  
  44  3:50  Drone  
  44  3:51  Drone  
  44  3:53  Zergling x4  
  48  3:57  Drone  
  48  3:58  Overlord  
  48  4:00  Drone x2  
  48  4:10  Drone x2  
  48  4:16  Roach  
  48  4:17  Roach x3  
  58  4:19  Roach  
  58  4:21  Roach  
  58  4:22  Extractor  
  60  4:25  Roach  
  60  4:27  Roach  
  60  4:29  Drone  
  65  4:34  Roach x2  
  65  4:36  Drone  
  65  4:37  Drone  
  70  4:38  Drone  
  70  4:41  Zergling x2  
  70  4:44  Zergling x2  
  70  4:45  Ravager  
  74  4:47  Overlord  
  74  4:53  Evolution Chamber  
  74  4:54  Roach x2  
  74  4:58  Zergling x2  
  74  4:59  Zergling x2  
  79  5:00  Roach  
  79  5:03  Roach  
  75  5:08  Roach  
  75  5:11  Zergling x4  
  75  5:13  Drone x3  
  81  5:21  Roach x2  
  85  5:22  Overlord  
  85  5:25  Extractor  
  85  5:26  Drone  
  85  5:27  Drone x2  
  86  5:32  Overlord  
  86  5:36  Lair  
  86  5:37  Drone  
  86  5:39  Drone  
  86  5:40  Drone  
  89  5:46  Drone x4  
  89  5:47  Drone  
  89  5:49  Drone  
  94  5:53  Overlord  
  92  5:57  Zerg Missile Weapons Level 1  
  92  6:02  Drone  
  92  6:03  Drone x4  
  97  6:06  Overlord  
  97  6:09  Roach  
  97  6:10  Roach  
  101  6:12  Extractor  
  101  6:17  Overlord x2  
  100  6:18  Overlord  
  100  6:23  Extractor  
  99  6:35  Drone x4  
  99  6:39  Drone x2  
  102  6:41  Drone x2  
  102  6:42  Drone x2  
  102  6:43  Extractor  
  104  6:55  Overlord  
  104  6:56  Spire, Glial Reconstitution  
  104  6:57  Drone x3  
  104  6:58  Drone  
  104  6:59  Overseer  
  104  7:00  Roach x5  
  117  7:04  Overlord  
  117  7:11  Roach x4  
  117  7:13  Overlord  
  125  7:17  Drone  
  125  7:21  Roach  
  126  7:25  Overlord  
  126  7:26  Hatchery  
  125  7:38  Ravager  
  125  7:40  Baneling Nest  
  125  7:41  Overlord  
  124  7:56  Drone  
  121  8:06  Roach x4  
  121  8:07  Mutalisk x8  
  121  8:09  Roach x2  
  121  8:10  Roach  
  121  8:11  Overlord x2  
  149  8:14  Roach x2  
  149  8:17  Roach x3  
  149  8:19  Roach  
  161  8:29  Overlord  
  161  8:39  Queen  
  161  8:41  Roach x2  
  167  8:45  Roach x3  
  171  8:49  Roach x2  
  171  8:52  Roach x2  
  171  8:53  Roach  
  181  8:59  Roach x4  
  181  9:01  Roach, Zergling x2  
  181  9:02  Zergling x10  
  197  9:17  Extractor  
  197  9:18  Zergling x8  
Show
View Real Time Build Order
Export as new Build Order

Guru Zerg 

Build Orders: Hatch First 

Get SALT Encoding   

  12  0:00  Drone  
  13  0:12  Overlord  
  13  0:18  Drone  
  14  0:31  Drone x2  
  14  0:35  Drone  
  17  0:51  Hatchery  
  17  0:54  Drone  
  17  0:57  Drone  
  18  1:04  Extractor  
  17  1:13  Spawning Pool  
  17  1:16  Drone  
  17  1:19  Drone  
  18  1:28  Drone  
  19  1:44  Overlord  
  19  1:59  Queen  
  19  2:00  Zergling x2  
  22  2:03  Queen  
  22  2:05  Metabolic Boost  
  22  2:08  Zergling x2  
  25  2:11  Drone  
  25  2:12  Drone  
  25  2:15  Drone  
  28  2:23  Drone  
  28  2:25  Drone  
  30  2:34  Zergling x2  
  31  2:39  Hatchery  
  31  2:41  Zergling x2  
  31  2:49  Baneling Nest  
  30  2:56  Overlord  
  30  2:58  Drone x3  
  32  3:04  Drone  
  34  3:13  Drone x2  
  34  3:16  Drone  
  34  3:17  Drone x3  
  40  3:25  Queen  
  42  3:31  Zergling x2  
  44  3:34  Drone  
  44  3:39  Baneling  
  44  3:40  Baneling  
  44  3:50  Overlord, Zergling x2  
  44  3:51  Zergling x10  
  44  3:55  Overlord  
  50  3:56  Baneling  
  50  3:57  Baneling  
  49  4:04  Zergling x2  
  49  4:11  Zergling x6  
  49  4:12  Zergling x2  
  49  4:13  Zergling x4  
  49  4:15  Baneling  
  49  4:16  Baneling  
  53  4:17  Zergling x2  
  53  4:18  Zergling x4  
  53  4:19  Zergling x6  
  53  4:23  Zergling x2  
  60  4:27  Zergling x2  
  61  4:33  Zergling x2  
  61  4:34  Zergling x2  
  61  4:38  Zergling x2  
  64  4:44  Zergling x4  
  65  4:46  Zergling x2  
  65  4:53  Drone  
  65  4:55  Overlord  
  65  4:59  Overlord  
  63  5:00  Drone  
  63  5:01  Drone  
  63  5:02  Drone x2  
  63  5:04  Drone x2  
  55  5:09  Drone  
  55  5:12  Drone x4  
  60  5:14  Drone  
  60  5:20  Extractor x2  
  59  5:21  Evolution Chamber, Roach Warren  
  59  5:23  Drone x6  
  59  5:25  Drone x2  
  65  5:30  Drone  
  65  5:34  Overlord  
  67  5:35  Drone  
  67  5:39  Overlord x2  
  67  5:43  Zergling x4  
  67  5:45  Overlord  
  67  5:47  Overlord  
  67  5:49  Zerg Missile Weapons Level 1  
  68  5:52  Zergling x6  
  68  5:55  Zergling x2  
  72  5:59  Zergling x4  
  74  6:06  Roach  
  74  6:07  Roach  
  74  6:10  Roach  
  80  6:12  Lair  
  80  6:13  Drone  
  81  6:21  Roach x4  
  81  6:23  Roach x2  
  81  6:24  Roach x2  
  97  6:29  Roach x2  
  100  6:35  Roach  
  100  6:36  Roach x2  
  100  6:37  Roach  
  101  6:40  Drone x2  
  101  6:47  Drone  
  101  6:49  Roach  
  101  6:50  Roach, Ravager x2  
  101  6:52  Drone x3  
  106  6:55  Extractor  
  106  6:59  Extractor x2  
  103  7:02  Drone x2  
  103  7:03  Drone  
  106  7:09  Drone  
  106  7:10  Glial Reconstitution  
  106  7:11  Drone x2  
  109  7:17  Roach x2  
  109  7:19  Roach  
  109  7:22  Overlord  
  115  7:25  Overlord  
  115  7:26  Drone, Unknown  
  115  7:28  Drone x3  
  119  7:33  Overlord  
  119  7:35  Overlord x2  
  120  7:37  Ravager x3  
  120  7:43  Roach  
  124  7:48  Roach x4  
  124  7:49  Roach  
  134  7:55  Queen  
  133  8:04  Drone x3  
  134  8:06  Drone x3  
  134  8:08  Roach  
  134  8:09  Roach  
  141  8:13  Overlord  
  141  8:14  Roach  
  141  8:15  Roach  
  141  8:16  Roach x2  
  149  8:22  Ravager x2  
  149  8:23  Roach, Ravager  
  149  8:25  Roach  
  149  8:26  Roach x2  
  160  8:28  Evolution Chamber, Roach  
  160  8:29  Ravager, Overlord  
  160  8:31  Pneumatized Carapace  
  160  8:33  Roach  
  164  8:41  Roach x2  
  168  8:42  Queen  
  168  8:45  Spore Crawler  
  168  8:46  Spore Crawler, Queen  
  168  8:48  Spore Crawler  
  169  8:50  Hydralisk Den  
  162  9:00  Overlord  
  162  9:01  Drone  
  154  9:03  Drone  

Tags
 
Add a new tag
Caveats
  • Supply blocks, unpowered buildings, or Contaminate may cause inaccurate times.
  • Supply counts are checked every 10 seconds.